 Dungeon Crawl Stone Soup version 0.30-a0-782-ge64f9170bb (webtiles) character file.

Game seed: 5362008073737571129

35 mopl the Insei (level 3, 0/27 HPs)
             Began as a Djinni Transmuter on Feb 27, 2023.
             Frozen to death by an endoplasm (7 damage)
             ... on level 2 of the Dungeon.
             The game lasted 00:01:08 (754 turns).

mopl the Insei (Djinni Transmuter)                   Turns: 754, Time: 00:01:09

Health: 0/27       AC:  3    Str: 11    XL:     3   Next: 52%
Gold:   21         EV: 12    Int: 14    God:
                   SH:  0    Dex: 13

rFire   + + +      SeeInvis .      - Unarmed
rCold   x . .      Faith    .    (no shield)
rNeg    . . .      Spirit   .    a - +0 robe
rPois   ∞          Reflect  .    (helmet currently unavailable)
rElec   .          Harm     .    (no cloak)
rCorr   .          Rampage  .    e - +0 pair of gloves
Will    .....                    (boots unavailable)
Stlth   +                        (no amulet)
HPRegen 0.24/turn                d - ring of protection from fire
MPRegen 0.00/turn                (no ring)

@: appendages (expiring), flying
A: horns 2, flying, sickness immunity, fire resistance 2, cold vulnerability 1,
float, innate caster, HP casting, extra vitality 1
a: End Transformation


You were on level 2 of the Dungeon.
You had temporarily grown beastly horns.
You visited 1 branch of the dungeon, and saw 2 of its levels.

You collected 21 gold pieces.

Inventory:

Armour
 a - a +0 robe (worn)
 e - a +0 pair of gloves (worn)
Jewellery
 d - a ring of protection from fire (left hand)
Scrolls
 f - a scroll of teleportation {unknown}
 h - a scroll of identify {unknown}
 i - a scroll of poison {unknown}
Potions
 b - 4 potions of lignification {!q}
 c - a potion of brilliance {unknown}
 g - a potion of ambrosia {unknown}


   Skills:
 - Level 1.0 Fighting
 - Level 2.1 Dodging
 * Level 3.9 Unarmed Combat
 + Level 2.0 Spellcasting


You couldn't memorise any spells.
You knew the following spells:

 Your Spells              Type           Power      Damage    Failure   Level
a - Beastly Appendage     Tmut           14%        N/A       10%         1
b - Spider Form           Tmut/Pois      7%         N/A       30%         3
c - Summon Small Mammal   Summ           28%        N/A       10%         1
d - Ice Form              Ice/Tmut       7%         N/A       69%         4
w - Wereblood             Tmut           7%         N/A       16%         2
Your spell library was empty.

Dungeon Overview and Level Annotations

Branches:
Dungeon (2/15)

Altars:


Innate Abilities, Weirdness & Mutations

You have temporarily grown beastly horns.
You are flying.
You are immune to sickness and miasma.
You are immune to poison.
Your flesh is very heat resistant. (rF++)
You are vulnerable to cold. (rC-)
You float through the air rather than walking.
You learn spells naturally, not from books.
Your magical power is your life essence.
You have superior vitality. (+4 MHP)


Message History

You miss the adder.
The adder is heavily wounded.
The adder barely misses you. The endoplasm hits you.
You hit the adder.
The adder is almost dead.
The adder bites you. The endoplasm barely misses you.
The adder closely misses you.
You barely miss the adder.
The adder is almost dead.
The endoplasm freezes you.
You are frozen.
You feel a terrible chill! The adder bites you.
You hit the adder. Your headbutt misses the adder.
The adder is almost dead.
The adder bites you but does no damage. The endoplasm closely misses you.
You hit the adder but do no damage.
The adder is almost dead.
The adder misses you. The endoplasm freezes you.
You are frozen.
You feel a terrible chill!
You are too injured to fight recklessly!
You are too injured to fight recklessly!
You are too injured to fight recklessly!
You are too injured to fight recklessly!
You are too injured to fight recklessly!
You are too injured to fight recklessly!
You are too injured to fight recklessly!
You are too injured to fight recklessly!
You are too injured to fight recklessly!
You are too injured to fight recklessly!
You are too injured to fight recklessly!
You are too injured to fight recklessly!
You are too injured to fight recklessly!
You hit the adder.
You kill the adder!
The endoplasm freezes you.
You are frozen.
You feel a terrible chill!
* * * LOW HITPOINT WARNING * * *
The endoplasm freezes you.
You are frozen!
You feel a terrible chill!
You die...

#..##########..#
.....#.....#.....##
#†##..............#
######.##...............
........................
#####.<##...............
#####.###...............
......# #......J........
####### #.......@.......
##........[....#
##.....#.....##
#############


You could see an endoplasm.

Vanquished Creatures
  An adder (D:2)
  2 dart slugs (D:1)
  4 bats (D:1)
  2 endoplasms
  A giant cockroach (D:1)
  3 hobgoblins (D:1)
  3 kobolds (D:1)
  A ball python (D:1)
  3 rats
20 creatures vanquished.

Notes
Turn   | Place    | Note
-------+----------+-------------------------------------------
     0 | D:1      | mopl the Djinni Transmuter began the quest for the Orb.
     0 | D:1      | mopl set off with the following spells memorised: Beastly
                  | Appendage, Wereblood, Spider Form, Ice Form.
     0 | D:1      | Reached XP level 1. HP: 17/17 MP: 0/0
   198 | D:1      | Reached XP level 2. HP: 18/22 MP: 0/0
   522 | D:1      | Reached XP level 3. HP: 27/27 MP: 0/0
   522 | D:1      | Learned a level 1 spell: Summon Small Mammal
   666 | D:1      | Found a faded altar of an unknown god.
   715 | D:2      | Reached skill level 2 in Spellcasting
   754 | D:2      | Frozen to death by an endoplasm

Illustrated notes

Levels and vault maps discovered:
D:1:      beargit_arrival_greenhouse, layout_basic,
          dilly_ecumenical_altar_fadedgnrine, minmay_misc_feat_rows
D:2:      layout_rooms, uniq_sigmund, uniq_crazy_yiuf_cottage

Skill      XL: |  1  2  3 |
---------------+----------+-----
Spellcasting   | 2 |  2.0
Fighting       | |  1.0
Dodging        | |  2.1
Unarmed Combat | |  3.9

Action                     || total
---------------------------++-------
  Melee: Unarmed           ||    99
         Headbutt          ||     8
         Punch             ||     2
   Cast: Beastly Appendage ||    12
   Stab: Sleeping          ||     4
 Armour: Robe              ||    27
  Dodge: Dodged            ||    62

Table legend: (Time is in decaauts)
 A = Elapsed time spent in this place.
 B = Non-inter-level travel time spent in this place.
 C = Inter-level travel time spent in this place.
 D = Time resting spent in this place.
 E = Time spent auto-exploring this place.
 F = Levels seen in this place.
 G = Mean time per level.
                   A        B        C        D        E       F      G
               +--------+--------+--------+--------+--------+-----+--------+
         Total |    746 |    743 |      3 |      0 |    543 |   2 |  373.0 |
       Dungeon |    746 |    743 |      3 |      0 |    543 |   2 |  373.0 |
               +--------+--------+--------+--------+--------+-----+--------+

Top non-repeatable levels by time:
     D:1: 704 daAuts
     D:2: 42 daAuts
